[Event "Early-Titled-Tuesday-Blitz-August-29-2023"]
[Site "Chess.com"]
[Date "2023.08.29"]
[Round "11"]
[White "wannabe2700"]
[Black "Aswathchess"]
[Result "1-0"]
[WhiteElo "2651"]
[BlackElo "2526"]
[TimeControl "180+1"]
[EndTime "10:03:07 PDT"]
[Termination "wannabe2700 won by resignation"]

1. d4 Nf6 2. c4 e6 3. Nc3 Bb4 4.
f3 O-O 5. e4 d5 6. cxd5 exd5 7.
e5 Nfd7 8. a3 Ba5 9. Be3 c5 10.
f4 cxd4 11. Bxd4 Nc6 12. b4 Nxd4 13. Qxd4 Bb6 14. Qxd5 a5 15. Rd1 axb4 16. axb4 Ra3 17. Nb5 Re3+ 18. Be2 Qe7 19. Nd6 g5 20. Nf3 gxf4 21. Nxc8 Qxb4+ 22. Qd2 Qe4 23. Nd6 Qc6 24. Nf5 Nxe5 25. Nxe3 fxe3 26. Qb4 Qf6 27. O-O Ng4 28. Qxg4+ 1-0

[Event "Early-Titled-Tuesday-Blitz-August-29-2023"]
[Site "Chess.com"]
[Date "2023.08.29"]
[Round "11"]
[White "AnaKuchava"]
[Black "le_poisson"]
[Result "1-0"]
[WhiteElo "2214"]
[BlackElo "2309"]
[TimeControl "180+1"]
[EndTime "10:03:07 PDT"]
[Termination "AnaKuchava won by resignation"]

1. d4 d5 2. Nf3 Nf6 3. c4 c6 4.
Qb3 dxc4 5. Qxc4 Bf5 6. Nc3 Nbd7 7. g3 e6 8. Bg2 Be7 9. O-O h6 10.
Re1 Ne4 11. Nh4 Bxh4 12. Nxe4 Be7 13. Nc5 Nxc5 14. dxc5 Bf6 15. Bf4 Qd4 16. Qxd4 Bxd4 17.
Bd6 O-O-O 18. e4 Bg6 19. Red1 Bxb2 20. Rab1 Bf6 21. Rb3 Rd7 22. e5 Bxe5 23. Bxc6 Rxd6 24. Bxb7+ Kc7 25. cxd6+ Bxd6 26. Rc1+ Kd7 27. Bc6+ Ke7 28.
Rb7+ Kf6 29. Rxa7 Rb8 30. Rb7 Rc8 31. a4 Be4 32. Rb6 Ba3 33. Rc4 Bd5 34. Bxd5 Rxc4 35. Bxc4 1-0

[Event "Early-Titled-Tuesday-Blitz-August-29-2023"]
[Site "Chess.com"]
[Date "2023.08.29"]
[Round "11"]
[White "Kildepiotr"]
[Black "angryspacevoid"]
[Result "0-1"]
[WhiteElo "2657"]
[BlackElo "2561"]
[TimeControl "180+1"]
[EndTime "10:03:08 PDT"]
[Termination "angryspacevoid won by resignation"]

1. Nf3 Nc6 2. g3 e5 3. d3 d5 4.
Bg2 h5 5. h4 Bg4 6. Nc3 Bc5 7.
e4 Nge7 8. O-O O-O 9. a3 a6 10. exd5 Nxd5 11. Nxd5 Qxd5 12. Be3 Rad8 13. Bxc5 Qxc5 14.
Qc1 f5 15. Ng5 f4 16. Kh2 Nd4 17. b4 Qe7 18. Qd2 c6 19. Rae1 Qc7 20. c3 f3 21.
Bh3 Bxh3 22. Kxh3 Qd7+ 23. Kh2 Nf5 24. d4 exd4 25. Ne6 d3 26. Nxf8 Rxf8 27. Re4 Nh6 28. Rd1 Ng4+ 29. Kg1 Nf6 30. Qxd3 Qxd3 31. Rxd3 Nxe4 32.
Re3 Nd2 33. Kh2 Nf1+ 0-1

[Event "Early-Titled-Tuesday-Blitz-August-29-2023"]
[Site "Chess.com"]
[Date "2023.08.29"]
[Round "11"]
[White "gueraumasague"]
[Black "ItsCheckM8Mate"]
[Result "0-1"]
[WhiteElo "2548"]
[BlackElo "2432"]
[TimeControl "180+1"]
[EndTime "10:03:09 PDT"]
[Termination "ItsCheckM8Mate won on time"]

1. e4 c6 2. Nc3 d5 3. Qf3 d4 4. Bc4 e6 5. Nce2 c5 6. Qg3 Nc6 7. Nf3 Nf6 8. d3 a6 9. a4 Rb8 10. Bf4 Nh5 11. Qg5 Nxf4 12. Qxf4 Qa5+ 13. Nd2 b5 14. Bb3 Be7 15. O-O g5 16. axb5 Qxa1 17. Rxa1 gxf4 18. bxc6 Bd6 19. Nc4 Bc7 20. e5 f6 21.
Nd6+ Ke7 22. Nxc8+ Rhxc8 23. Nxf4 Bxe5 24. Nxe6 Rxc6 25. Ng7 Rcb6 26. Nf5+ Kd7 27. g3 h5 28. h4 Rxb3 29. cxb3 Rxb3 30. Rxa6 Rxd3 0-1

[Event "Early-Titled-Tuesday-Blitz-August-29-2023"]
[Site "Chess.com"]
[Date "2023.08.29"]
[Round "11"]
[White "Eternauta2400"]
[Black "Durarbayli"]
[Result "0-1"]
[WhiteElo "2792"]
[BlackElo "2915"]
[TimeControl "180+1"]
[EndTime "10:03:11 PDT"]
[Termination "Durarbayli won by checkmate"]

1. c4 Nf6 2. Nc3 c5 3. Nf3 e6 4. g3 b6 5. Bg2 Bb7 6. O-O Be7 7. d4 cxd4 8. Qxd4 d6 9. Bg5 a6 10. Bxf6 Bxf6 11. Qf4 g5 12. Qe3 h6 13. Rfd1 Qc7 14. Rac1 Kf8 15. Ne4 Bxe4 16. Qxe4 Ra7 17. b3 Nd7 18.
Nd4 Ne5 19. e3 Kg7 20. Rd2 Rd8 21. Rcd1 Qc5 22. Bh3 Re7 23. f4 Ng6 24. Nc6 d5 25.
cxd5 exd5 26. Qc2 Qxe3+ 27. Kh1 Rc7 28. fxg5 hxg5 29. Bg2 Qe8 30. Bxd5 Rxd5 31. Rxd5 Rxc6 32. Qd2 Re6 33. Rd7 Ne5 34. Ra7 g4 35. Qd5 Nf3 36. Ra8 Re1+ 37. Kg2 Qe2# 0-1

[Event "Early-Titled-Tuesday-Blitz-August-29-2023"]
[Site "Chess.com"]
[Date "2023.08.29"]
[Round "11"]
[White "jsdbv18"]
[Black "denizozen"]
[Result "0-1"]
[WhiteElo "2612"]
[BlackElo "2862"]
[TimeControl "180+1"]
[EndTime "10:03:13 PDT"]
[Termination "denizozen won by checkmate"]

1. d4 d5 2. c4 c5 3. cxd5 Qxd5 4. Nf3 cxd4 5. Qxd4 Qxd4 6. Nxd4 Bd7 7. Nc3 Nc6 8.
Ndb5 Rc8 9. Bf4 e5 10. Be3 a6 11. Na7 Nxa7 12. Bxa7 Bb4 13. Rc1 Nf6 14. a3 Bxc3+ 15.
Rxc3 Rxc3 16. bxc3 Ne4 17. c4 O-O 18. f3 Nf6 19. e4 Rc8 20. Be2 Be6 21. c5 Nd7 22. O-O Nxc5 23. Rb1 b5 24. Rd1 Na4 25.
Rd6 Nc3 26. Bf1 a5 27. Bb6 a4 28. Ba5 h5 29. Ra6 Nd1 30. Bxb5 Rc1 31. h4 Nc3+ 32. Kf2 Nxb5 33. Bb4 Bb3 34. Rb6 Nd4 35. Rb8+ Kh7 36. Re8 f6 37. Re7 Rc2+ 38. Kg1 Ne2+ 39. Kf1 Bc4 40. Ke1 Nf4 41. g3 Nd3+ 42. Kd1 Bb3 43.
g4 Rh2# 0-1

[Event "Early-Titled-Tuesday-Blitz-August-29-2023"]
[Site "Chess.com"]
[Date "2023.08.29"]
[Round "11"]
[White "Sina_Movahed"]
[Black "joppie2"]
[Result "0-1"]
[WhiteElo "2988"]
[BlackElo "2978"]
[TimeControl "180+1"]
[EndTime "10:03:14 PDT"]
[Termination "joppie2 won on time"]

1. e4 e5 2. Nf3 Nc6 3. Bb5 a6 4. Ba4 Nf6 5. O-O Be7 6. d3 b5 7. Bb3 O-O 8. a4 Rb8 9. c3 d6 10. Re1 h6 11. Nbd2 Re8 12. Nf1 Bf8 13. Ng3 Be6 14.
axb5 axb5 15. Ra6 Qc8 16. Ra1 Qd7 17. Be3 d5 18. exd5 Bxd5 19. Bxd5 Nxd5 20. Ne4 f5 21. Qb3 Kh8 22. Nc5 Bxc5 23. Bxc5 Nf4 24. d4 e4 25. Nd2 Nd3 26. Red1 b4 27. Nc4 f4 28. Nd2 Qf5 29. c4 e3 30. fxe3 fxe3 31. Nf3 Nf4 32. g3 Qe4 33. Rf1 Ne2+ 34. Kg2 Nexd4 35. Bxd4 Nxd4 36.
Qd1 Nc2 37. Qe2 Nxa1 38. Rxa1 Rbd8 39. Kg1 Rf8 40. Rf1 b3 41. h4 Qg4 42. Qg2 e2 43. Qxe2 Qxg3+ 44. Qg2 Qxg2+ 45. Kxg2 Rf4 46. Rf2 Rxc4 47. Ne5 Rdd4 0-1

[Event "Early-Titled-Tuesday-Blitz-August-29-2023"]
[Site "Chess.com"]
[Date "2023.08.29"]
[Round "11"]
[White "GasconJR"]
[Black "KrokerGuy"]
[Result "1-0"]
[WhiteElo "2660"]
[BlackElo "2501"]
[TimeControl "180+1"]
[EndTime "10:03:14 PDT"]
[Termination "GasconJR won on time"]

1. Nf3 Nf6 2. g3 d5 3. Bg2 Bg4 4. O-O Bxf3 5. exf3 e6 6. d4 Be7 7. f4 O-O 8. c3 c5 9. dxc5 Bxc5 10. Nd2 Nc6 11. Nb3 Bb6 12. Re1 Qd7 13. a4 a5 14.
Nd2 d4 15. Nc4 Bc5 16. Ne5 Nxe5 17. fxe5 Ne8 18. Be3 Nc7 19. Bxd4 Be7 20. Be3 Qc8 21. Qb3 Rb8 22. Ba7 b6 23. Bxb8 Qxb8 24. Qc4 Rc8 25. Rad1 Bc5 26. b4 axb4 27. cxb4 Bf8 28. Rc1 Be7 29.
Red1 Rd8 30. Rxd8+ Bxd8 31. Qc6 g6 32. Qb7 Qxb7 33.
Bxb7 Kf8 34. Rd1 Ke7 35. Bc6 1-0

[Event "Early-Titled-Tuesday-Blitz-August-29-2023"]
[Site "Chess.com"]
[Date "2023.08.29"]
[Round "11"]
[White "BlitzWizard04"]
[Black "Iball95"]
[Result "0-1"]
[WhiteElo "2592"]
[BlackElo "2778"]
[TimeControl "180+1"]
[EndTime "10:03:15 PDT"]
[Termination "Iball95 won by resignation"]

1. e4 c5 2. Nf3 e6 3. d4 cxd4 4.
Nxd4 Nf6 5. Nc3 Nc6 6. Ndb5 Bc5 7. Bf4 O-O 8. Bc7 Qe7 9. Bd6 Bxd6 10. Qxd6 Qd8 11. Nc7 Rb8 12. Be2 b5 13. e5 Ne8 14.
Nxe8 Rxe8 15. f4 b4 16. Ne4 Qb6 17. Qd3 Bb7 18. O-O-O Red8 19. Bf3 a5 20. Nd6 Ba6 21. Qd2 a4 22. Kb1 b3 23. cxb3 axb3 24. a3 Ne7 25. Be4 Nc8 26. Bxh7+ Kxh7 27. Nxf7 Rf8 28. Ng5+ Kg8 29.
Qxd7 Bc4 30. h4 Rb7 31. Qd2 Ne7 32. h5 Nf5 33. g4 Ne3 34. Rc1 Rd8 35. Qc3 Bd3+ 36.
Ka1 Nc2+ 37. Rxc2 bxc2 38. h6 gxh6 39. Rxh6 Qg1+ 0-1

[Event "Early-Titled-Tuesday-Blitz-August-29-2023"]
[Site "Chess.com"]
[Date "2023.08.29"]
[Round "11"]
[White "C_K_G"]
[Black "DarZay"]
[Result "0-1"]
[WhiteElo "2001"]
[BlackElo "2268"]
[TimeControl "180+1"]
[EndTime "10:03:15 PDT"]
[Termination "DarZay won on time"]

1. e4 c5 2. Nf3 Nc6 3. d4 cxd4 4. Nxd4 Nf6 5. Nc3 d6 6. Be2 e5 7. Nb3 Be7 8. Be3 O-O 9. O-O Be6 10. f4 exf4 11. Rxf4 d5 12. Rxf6 Bxf6 13. exd5 Bxc3 14. dxc6 Bxb2 15. cxb7 Rb8 16. Rb1 Qf6 17. Bf3 Rfd8 18.
Qe2 Bxb3 19. cxb3 Bd4 20. Rd1 Bxe3+ 21. Qxe3 Rxd1+ 22. Bxd1 Qa1 23. Qd2 h6 24. Kf2 Qf6+ 25.
Bf3 Rxb7 26. h3 Re7 27. Qd8+ Kh7 28. Qd3+ g6 29. a4 Qb6+ 30. Kf1 Re3 31. Qb5 Rxb3 32.
Qxb6 Rxb6 33. Bd5 Ra6 34. Bb3 f5 35. Ke2 Kg7 36. Kd3 Rc6 37. Kd4 Kf6 0-1

[Event "Early-Titled-Tuesday-Blitz-August-29-2023"]
[Site "Chess.com"]
[Date "2023.08.29"]
[Round "11"]
[White "bazar-wokzal"]
[Black "lamomiajunior"]
[Result "0-1"]
[WhiteElo "2598"]
[BlackElo "2789"]
[TimeControl "180+1"]
[EndTime "10:03:19 PDT"]
[Termination "lamomiajunior won on time"]

1. e4 c5 2. c3 e5 3. Nf3 Nc6 4. Bc4 Nf6 5. Ng5 d5 6. exd5 Nxd5 7. d4 cxd4 8. O-O Be7 9. Nxf7 Kxf7 10. Qf3+ Ke6 11. Qe4 Na5 12. Nd2 Nxc4 13. Nxc4 Nf6 14. Qxe5+ Kf7 15. Bg5 Be6 16. Na5 Qd5 17. cxd4 b6 18.
Nb3 h6 19. Bxf6 Bxf6 20. Qc7+ Qd7 21. Rac1 Rac8 22. Qf4 Rhf8 23. Rcd1 Bxb3 24. axb3 Qd5 25. Rd3 Kg8 26. h3 Rfe8 27. Rfd1 Re4 28. Qf3 Rce8 29. g3 Re1+ 30. Kg2 Qxf3+ 31. Kxf3 Rxd1 32. Rxd1 Kf7 33. b4 Ke6 34. Ke4 Kd6+ 35. Kd3 Rc8 36. b5 Kd5 37. Ra1 Rc4 38. Rxa7 Rxd4+ 39. Ke3 Rb4 40. f4 Rb3+ 41. Kf2 Rxb2+ 42. Kf3 Rxb5 43. g4 Ke6 0-1

[Event "Early-Titled-Tuesday-Blitz-August-29-2023"]
[Site "Chess.com"]
[Date "2023.08.29"]
[Round "11"]
[White "NovozhilovSemen"]
[Black "Druid24"]
[Result "1-0"]
[WhiteElo "2563"]
[BlackElo "2651"]
[TimeControl "180+1"]
[EndTime "10:03:19 PDT"]
[Termination "NovozhilovSemen won on time"]

1. d4 Nf6 2. Nf3 g6 3. Nc3 Bg7 4. e4 d6 5. Be3 c6 6. Qd2 Ng4 7. Bg5 h6 8. Bf4 b5 9. h3 Nf6 10. Bd3 b4 11. Ne2 a5 12. O-O-O Ba6 13. Rhe1 Bxd3 14. Qxd3 O-O 15. g4 Nbd7 16. g5 hxg5 17. Bxg5 Qc7 18. h4 a4 19. h5 Nxh5 20. Bxe7 Rfe8 21.
Bg5 b3 22. cxb3 axb3 23. a3 c5 24. Kb1 cxd4 25. Nexd4 Nc5 26. Qc4 Qb7 27. e5 dxe5 28. Qxc5 exd4 29. Nxd4 Rec8 30. Qb5 Qxb5 31. Nxb5 Rc2 32.
Nd4 Rxf2 33. Bc1 Nf4 34. Nxb3 Rb8 35. Ka2 Ne2 36. Bd2 f5 37. a4 f4 38. Rf1 Rg2 39.
a5 f3 40. Rxf3 Nd4 41. Nxd4 Bxd4 42. Rb3 Ra8 43. Kb1 Rg1 44. Rxg1 Bxg1 45. Rg3 Bd4 46. Rxg6+ Kf7 47. Rg4 Bc5 48. b4 Bd6 49. Kc2 Ke6 50. Kb3 Kd5 51. Ka4 Rc8 52. Bf4 Be7 53. Bg5 Rg8 54. a6 Rxg5 55. Rxg5+ Bxg5 56. a7 1-0

[Event "Early-Titled-Tuesday-Blitz-August-29-2023"]
[Site "Chess.com"]
[Date "2023.08.29"]
[Round "11"]
[White "SAInt_666"]
[Black "LeoLV10"]
[Result "1-0"]
[WhiteElo "2669"]
[BlackElo "2492"]
[TimeControl "180+1"]
[EndTime "10:03:19 PDT"]
[Termination "SAInt_666 won by resignation"]

1. e4 c6 2. d4 d5 3. e5 c5 4. dxc5 e6 5. a3 Bxc5 6. Nf3 Ne7 7. Bd3 Nd7 8. O-O Ng6 9. Re1 Qc7 10. b4 Bb6 11.
Bb2 a5 12. b5 Nc5 13. a4 Nxd3 14. cxd3 O-O 15. Nbd2 Rd8 16. Rc1 Qd7 17. Nb3 Qe7 18. Bd4 Bxd4 19. Nbxd4 Bd7 20. Rc7 Rab8 21. Qd2 b6 22. Nc6 Qe8 23. Nxb8 Rxb8 24. Rec1 Nf8 25. Ra7 h6 26. Rcc7 Qd8 27. Nd4 Rc8 28. Qc1 Rxc7 29.
Rxc7 Qh4 30. f4 f6 31. exf6 gxf6 32. Qe3 Qh5 33. Qf3 Qe8 34. Qg3+ Kh7 35. Nc6 Kh8 36. h3 Qh5 37. Nb8 Qd1+ 38. Kh2 Qh5 39. Nxd7 Qf7 40. Rc8 Kh7 41. Nxf8+ Kh8 42. Nxe6+ Kh7 43. Nf8+ Kh8 44. Nd7+ Kh7 45. d4 h5 46. h4 Qxd7 47. Qg8+ Kh6 48. Qh8+ Kg6 49. Qe8+ Qxe8 50. Rxe8 Kf5 51. Rb8 Kxf4 52.
Rxb6 Ke4 53. Rxf6 Kxd4 54. b6 Kc5 55. b7 Kb4 56. b8=Q+ Kxa4 57. Rf1 Ka3 58. Rf3+ Ka2 1-0

[Event "Early-Titled-Tuesday-Blitz-August-29-2023"]
[Site "Chess.com"]
[Date "2023.08.29"]
[Round "11"]
[White "tylityli"]
[Black "campochess"]
[Result "1-0"]
[WhiteElo "2351"]
[BlackElo "2200"]
[TimeControl "180+1"]
[EndTime "10:03:19 PDT"]
[Termination "tylityli won by resignation"]

1. d4 c5 2. d5 b5 3. e4 a6 4. a4 b4 5. c3 d6 6. cxb4 cxb4 7.
b3 Nf6 8. f3 e5 9. dxe6 fxe6 10. e5 Nd5 11. Bc4 Bb7 12. Bb2 dxe5 13. Bxe5 Nd7 14.
Bd4 Bc5 15. Ne2 O-O 16. O-O Qb6 17. Bxc5 Qxc5+ 18. Qd4 Qxd4+ 19. Nxd4 Nc5 20. Re1 Rae8 21. Nd2 Rf4 22. Ne2 Rf7 23. Ng3 Kh8 24. Nde4 Rc7 25. Nd6 Ree7 26. Nxb7 Rxb7 27. Ne4 Nxe4 28. Rxe4 Nc3 29.
Re5 h6 30. Bxa6 Rbd7 31. Bc4 Rd2 32. a5 Nd5 33. a6 Ra7 34. Rxe6 Nf4 35. Re8+ Kh7 36.
Bf1 Ng6 37. Ra4 Rd4 38. Rb8 Ne5 39. Raxb4 Rxb4 40. Rxb4 Rd7 41. Rb6 Rd2 42. a7 Ra2 43. Ra6 1-0

[Event "Early-Titled-Tuesday-Blitz-August-29-2023"]
[Site "Chess.com"]
[Date "2023.08.29"]
[Round "11"]
[White "Nathan_Filgueiras"]
[Black "salzikis"]
[Result "1/2-1/2"]
[WhiteElo "2502"]
[BlackElo "2402"]
[TimeControl "180+1"]
[EndTime "10:03:21 PDT"]
[Termination "Game drawn by 50-move rule"]

1. e4 e5 2. Nf3 Nf6 3. Nxe5 d6 4. Nf3 Nxe4 5. c4 Nc6 6. d4 Be7 7. Bd3 Nf6 8. d5 Ne5 9. Nxe5 dxe5 10. O-O O-O 11.
Re1 Bd6 12. Nc3 a6 13. Bg5 h6 14. Bh4 Re8 15. Qd2 Bb4 16. a3 Bxc3 17. Qxc3 Qd6 18. b4 c6 19. Rad1 cxd5 20. cxd5 Bg4 21.
f3 Rac8 22. Qd2 Bd7 23. Be4 Nxe4 24. fxe4 f5 25. exf5 Bxf5 26. Bf2 b6 27. Qe3 Rb8 28. Bg3 Rb7 29. Bxe5 Qg6 30. Qg3 Qxg3 31. Bxg3 Rxe1+ 32. Rxe1 a5 33. d6 axb4 34. axb4 b5 35. Rc1 Kf7 36.
Kf2 Bd3 37. Rc7+ Rxc7 38. dxc7 Bf5 39. Ke3 Ke8 40. Kd4 Kd7 41. Kc5 Bd3 42. Kb6 Kc8 43. Kc6 h5 44. Kd6 g6 45. Bf4 Be4 46. Ke7 Bxg2 47.
Kf6 Be4 48. h4 Bd3 49. Ke7 Be4 50. Kd6 Bd3 51. Kc6 Bc4 52. Bg5 Bf1 53. Bd8 Bc4 54.
Kd6 Bf1 55. Ke6 Bd3 56. Kd5 Kd7 57. Kd4 Bc4 58. Kc5 Kc8 59. Kd4 Be2 60. Ke5 Bd3 61. Kf4 Bc2 62. Kg5 Bd3 63. Kf6 Bc2 64. Ke5 Bd3 65. Kd6 Bc4 66. Kc5 Be2 67. Kd4 Bc4 68. Ke3 Be6 69. Kf2 Bc4 70. Kg1 Bd3 71. Kh2 Bc4 72.
Kh3 Bd3 73. Kg3 Bc4 74. Kf4 Bd3 75. Ke5 Bf5 76. Kf6 Bd3 77. Ke7 Kb7 78. Ke6 Kc8 79. Ke5 Bc4 80. Kd6 Be2 81. Bg5 Bd3 82. Bf4 Be2 83. Kc5 Bd3 84. Kd4 Be2 85. Ke3 Bc4 86.
Kd4 Be2 87. Kc5 Bf1 88. Kd6 Be2 89. Ke7 Bf1 90. Kf7 Bd3 91. Kf6 Bc2 92. Kg7 Bd3 93.
Kf8 Bc2 94. Ke8 Bd3 95. Ke7 Bc2 96. Kf8 Bd3 97. Kg7 Bc2 98. Kf6 1/2-1/2

[Event "Early-Titled-Tuesday-Blitz-August-29-2023"]
[Site "Chess.com"]
[Date "2023.08.29"]
[Round "11"]
[White "supertfc"]
[Black "The_Princess_Moon"]
[Result "1-0"]
[WhiteElo "2330"]
[BlackElo "2188"]
[TimeControl "180+1"]
[EndTime "10:03:21 PDT"]
[Termination "supertfc won by resignation"]

1. d4 c5 2. d5 d6 3. e4 e5 4. Bb5+ Bd7 5. a4 Nf6 6. Nc3 g6 7. Nf3 Bg7 8. O-O O-O 9. Bxd7 Nbxd7 10. Nd2 Ne8 11. Nc4 f5 12. f4 exf4 13. Bxf4 Ne5 14. Bxe5 dxe5 15. d6 Qd7 16. Qd5+ Kh8 17. Nxe5 Qxd6 18.
Nf7+ Rxf7 19. Qxf7 fxe4 20. Qxb7 Rb8 21. Qd5 Rxb2 22.
Qxd6 Nxd6 23. Rad1 Bd4+ 24. Kh1 Rxc2 25. Nb5 Nf5 26. Rfe1 e3 27. Rc1 Ra2 28. Nc3 Bxc3 29. Rxc3 e2 30. g4 Nd4 31. Kg2 Rxa4 32. Rxc5 Ne6 33.
Rc8+ Kg7 34. Kf3 Ra2 35. Rc4 g5 36. Rxe2 Ra3+ 37. Re3 Ra2 38. Rxe6 1-0

[Event "Early-Titled-Tuesday-Blitz-August-29-2023"]
[Site "Chess.com"]
[Date "2023.08.29"]
[Round "11"]
[White "BlueWizzard"]
[Black "tsaruk_maks"]
[Result "1/2-1/2"]
[WhiteElo "2894"]
[BlackElo "2773"]
[TimeControl "180+1"]
[EndTime "10:03:22 PDT"]
[Termination "Game drawn by repetition"]

1. d4 d5 2. Bg5 Nf6 3. Nd2 h6 4. Bf4 c5 5. e3 Nc6 6. Ngf3 Bg4 7. c3 e6 8. Bb5 Qb6 9. Qa4 a6 10. Bxc6+ Qxc6 11. Qxc6+ bxc6 12. Ne5 Rc8 13. Nxg4 Nxg4 14. Nb3 c4 15. Na5 c5 16. O-O g5 17. Bg3 h5 18. h3 Nh6 19. Be5 Rg8 20. b3 cxd4 21. Bxd4 cxb3 22. axb3 Nf5 23. Be5 Be7 24. c4 f6 25. Bb2 g4 26. hxg4 Rxg4 27. Rfd1 Kf7 28. Rac1 Rcg8 29. cxd5 Rxg2+ 30. Kf1 Nxe3+ 31. fxe3 Rxb2 32. Rc7 exd5 33. Nc6 Rgg2 34. Rxe7+ Kg6 35. Nd4 Rgf2+ 36. Kg1 Rg2+ 37. Kf1 Rgf2+ 38. Kg1 Rg2+ 39. Kf1 1/2-1/2

[Event "Early-Titled-Tuesday-Blitz-August-29-2023"]
[Site "Chess.com"]
[Date "2023.08.29"]
[Round "11"]
[White "SpongeBob_03"]
[Black "HElissalt"]
[Result "0-1"]
[WhiteElo "2195"]
[BlackElo "2356"]
[TimeControl "180+1"]
[EndTime "10:03:23 PDT"]
[Termination "HElissalt won by checkmate"]

1. e4 d6 2. d4 Nf6 3. Nc3 e5 4. dxe5 dxe5 5. Qxd8+ Kxd8 6. Bc4 Be6 7. Bxe6 fxe6 8. Nf3 Bd6 9. Bg5 Ke7 10. O-O-O Nd7 11.
Bh4 h6 12. Bg3 g5 13. Nd2 a6 14. f3 Nh5 15. Bf2 Nf4 16. g3 Ng6 17. Nf1 Raf8 18. Rd3 Rf7 19. h4 gxh4 20. gxh4 Rhf8 21. Nh2 Nf4 22.
Rd2 h5 23. Be3 Rg8 24. Ne2 Rfg7 25. Rhd1 Rg2 26. Nc3 R8g3 27. Nf1 Rg7 28. Nh2 Nb8 29.
Na4 Nc6 30. Nc5 Ne2+ 31. Kb1 Rxh2 32. Nxb7 Rgg2 33. Nxd6 cxd6 34. Rxd6 Ncd4 35. Rxa6 Nf4 36. Bxd4 exd4 37. Rc6 e5 38. a4 d3 39. Rc7+ Kd6 40. Rc3 Ke6 41. cxd3 Rxb2+ 42. Kc1 Ra2 43. Rc4 Ra1# 0-1

[Event "Early-Titled-Tuesday-Blitz-August-29-2023"]
[Site "Chess.com"]
[Date "2023.08.29"]
[Round "11"]
[White "fastestmindalive"]
[Black "regular_legs"]
[Result "1-0"]
[WhiteElo "2739"]
[BlackElo "2573"]
[TimeControl "180+1"]
[EndTime "10:03:30 PDT"]
[Termination "fastestmindalive won by resignation"]

1. e4 c5 2. Nf3 e6 3. d4 cxd4 4. Nxd4 a6 5. c4 Qc7 6. Nc3 Nf6 7. Be2 d6 8. O-O Be7 9. Be3 O-O 10. f4 Nbd7 11. Rc1 b6 12. g4 Bb7 13. Bf3 h6 14.
b3 Rfe8 15. g5 hxg5 16. fxg5 Nh7 17. g6 fxg6 18. Nxe6 Qb8 19. Nd5 Bxd5 20. exd5 Ne5 21. Be4 b5 22. Kh1 bxc4 23. bxc4 Nf8 24. Rg1 Bf6 25. Qf1 Ra7 26. Bxa7 Qxa7 27. c5 dxc5 28. Nxf8 Rxf8 29. d6 Rd8 30. Bd5+ Kf8 31. Qh3 Rxd6 32. Qc8+ Rd8 33. Qe6 Qd7 34. Rxc5 Qxe6 35. Bxe6 Rd2 36. Bb3 Nf3 37. Rg2 Rxg2 38. Kxg2 Nd4 39. Ra5 Ke7 40.
Rxa6 Nf5 41. a4 Be5 42. Re6+ Kd7 43. Rxe5 1-0

[Event "Early-Titled-Tuesday-Blitz-August-29-2023"]
[Site "Chess.com"]
[Date "2023.08.29"]
[Round "11"]
[White "ahkashefi2800"]
[Black "Cherneevo_23"]
[Result "0-1"]
[WhiteElo "2558"]
[BlackElo "2431"]
[TimeControl "180+1"]
[EndTime "10:03:30 PDT"]
[Termination "Cherneevo_23 won on time"]

1. e4 c5 2. Nf3 d6 3. c3 Nf6 4. Be2 g6 5. O-O Bg7 6. Re1 O-O 7. Bf1 e5 8. h3 Nc6 9. d3 h6 10. Nbd2 Re8 11. Nc4 d5 12. exd5 Nxd5 13. a4 Qc7 14. g3 Be6 15. Bg2 Rad8 16. Qc2 f5 17. Kh2 Bf7 18.
h4 Nf6 19. b3 Ng4+ 20. Kg1 Qd7 21. Ba3 b6 22. Rad1 Qc7 23. b4 cxb4 24. cxb4 Nd4 25. Nxd4 Rxd4 26. b5 e4 27. Ne3 Qxc2 28. Nxc2 Rxd3 29.
f3 Rxd1 30. Rxd1 exf3 31. Bxf3 Bb3 32. Bd5+ Bxd5 33. Rxd5 Ne3 34. Nxe3 Rxe3 35. Rd8+ Kh7 36. Bd6 Rd3 37. Kg2 Be5 38. Be7 Rxd8 39. Bxd8 Kg7 40. Kf3 Kf7 41. h5 gxh5 42. Kg2 Ke6 0-1

[Event "Early-Titled-Tuesday-Blitz-August-29-2023"]
[Site "Chess.com"]
[Date "2023.08.29"]
[Round "11"]
[White "gm_rashid"]
[Black "noblerone"]
[Result "1-0"]
[WhiteElo "2403"]
[BlackElo "2536"]
[TimeControl "180+1"]
[EndTime "10:03:33 PDT"]
[Termination "gm_rashid won on time"]

1. e4 d5 2. exd5 Qxd5 3. Nc3 Qd8 4. d4 Nf6 5. Nf3 Bg4 6. Be2 e6 7. Be3 c6 8. h3 Bxf3 9. Bxf3 Nbd7 10. Qd2 Bb4 11.
a3 Be7 12. g4 Nd5 13. Nxd5 cxd5 14. O-O O-O 15. Bg2 Rc8 16. Rac1 b5 17. f4 Nb6 18. b3 Qc7 19. Rf2 Bxa3 20. Ra1 Bb2 21. Ra2 Bc3 22. Qd3 b4 23. f5 e5 24. f6 Bxd4 25.
fxg7 Rfe8 26. Bxd4 exd4 27. Ra1 Qe5 28. Rxa7 Qe1+ 29.
Rf1 Qe3+ 30. Kh1 Rc3 31. Qb5 Rxc2 32. Raxf7 Rcc8 33. Qxb6 Qe5 34. Qb5 Rcd8 35. R7f5 Qxg7 36. Bxd5+ Kh8 37. Rf7 1-0

[Event "Early-Titled-Tuesday-Blitz-August-29-2023"]
[Site "Chess.com"]
[Date "2023.08.29"]
[Round "11"]
[White "Maus7"]
[Black "aghasiyevkamal"]
[Result "1-0"]
[WhiteElo "2503"]
[BlackElo "2489"]
[TimeControl "180+1"]
[EndTime "10:03:35 PDT"]
[Termination "Maus7 won on time"]

1. e4 e5 2. Nf3 Nc6 3. Bb5 a6 4. Ba4 Nf6 5. O-O b5 6. Bb3 Bc5 7. a4 Rb8 8. c3 d6 9. d4 Bb6 10.
axb5 axb5 11. Qd3 O-O 12. Bg5 exd4 13. cxd4 h6 14. Bh4 g5 15. Bg3 Nh5 16. Nc3 Bg4 17.
Nd5 Bxf3 18. Nxb6 Bxg2 19. Kxg2 Rxb6 20. f4 d5 21. e5 Nb4 22. Qd2 gxf4 23. Bxf4 Nxf4+ 24. Rxf4 Rg6+ 25. Kh1 Qg5 26. Raf1 Nd3 27. h4 Qg3 28. R4f3 Qxh4+ 29. Qh2 Qe4 30. Bc2 Rg4 31. Bxd3 Qxd4 32. Rg3 Kh8 33. Qxh6+ 1-0

[Event "Early-Titled-Tuesday-Blitz-August-29-2023"]
[Site "Chess.com"]
[Date "2023.08.29"]
[Round "11"]
[White "Blackwhite017"]
[Black "RAMBO1STBLOOD"]
[Result "1/2-1/2"]
[WhiteElo "2003"]
[BlackElo "2243"]
[TimeControl "180+1"]
[EndTime "10:03:35 PDT"]
[Termination "Game drawn by repetition"]

1. e4 c5 2. Nf3 Nc6 3. d3 g6 4.
Nbd2 Bg7 5. g3 e6 6. Bg2 Nge7 7.
O-O O-O 8. Re1 d6 9. c3 b5 10. h4 Rb8 11. Nf1 b4 12. c4 Nd4 13. N1h2 Nec6 14. Nxd4 Nxd4 15. Nf3 Bb7 16. Nxd4 Bxd4 17.
Rb1 Qa5 18. a3 bxa3 19. Bd2 Qa6 20. bxa3 Bc6 21. Qg4 Rxb1 22. Rxb1 Qxa3 23. Bf1 Qa2 24. Rd1 Ba4 25. h5 Bxd1 26. Qxd1 Rb8 27. h6 Rb2 28. Be3 Rxf2 29. Bxd4 cxd4 30. Qg4 Qd2 31. Qh4 f6 32. e5 dxe5 33. Qe4 Rxf1+ 34. Kxf1 Qc1+ 35.
Kg2 Qxh6 36. Qa8+ Qf8 37. Qxa7 Qf7 38. Qb8+ Kg7 39. c5 Qd7 40. Qb6 Qd5+ 41. Kh2 e4 42.
c6 e3 43. c7 Qh5+ 44. Kg2 Qe2+ 45. Kh3 Qh5+ 46. Kg2 Qe2+ 47. Kh3 Qh5+ 48. Kg2 1/2-1/2

[Event "Early-Titled-Tuesday-Blitz-August-29-2023"]
[Site "Chess.com"]
[Date "2023.08.29"]
[Round "11"]
[White "biostatistician"]
[Black "Aygehovit1992"]
[Result "0-1"]
[WhiteElo "2596"]
[BlackElo "2746"]
[TimeControl "180+1"]
[EndTime "10:03:36 PDT"]
[Termination "Aygehovit1992 won on time"]

1. d4 Nf6 2. Nf3 e6 3. c4 Bb4+ 4. Nbd2 O-O 5. a3 Be7 6. e4 c5 7. d5 d6 8. Bd3 e5 9. h3 Nbd7 10. b4 a5 11. b5 b6 12. Nf1 Nh5 13. g3 g6 14. Bh6 Re8 15. Qd2 Bf8 16. Bxf8 Nxf8 17.
Qh6 f5 18. Ng5 Qf6 19. Ne3 Qg7 20. Qxg7+ Nxg7 21. Kd2 Ra7 22. Rae1 h6 23. Nf3 Rf7 24. Ref1 Nh7 25. Nh4 Rf6 26. exf5 Bxf5 27. Nexf5 gxf5 28. f4 e4 29. Be2 e3+ 30. Kc3 Rf7 31. Bf3 Nf6 32. Re1 Rfe7 33. Re2 Ne4+ 34. Bxe4 Rxe4 35. Rhe1 Kf7 36. Ng2 Nh5 37. Rxe3 Nxg3 38. Rxe4 Nxe4+ 39. Kc2 Rg8 40. Ne3 Kf6 41. Re2 Rg3 42. h4 Rf3 43. h5 Rxf4 44. Rg2 Rf2+ 45. Rxf2 Nxf2 46. Kd2 Ne4+ 47. Kd3 Ng3 0-1